 Dungeon Crawl Stone Soup version 0.28.0-43-g3370ac3207 (webtiles) character file.

Game seed: 4077116465830526907

25 styxcanada the Sneak (level 2, -1/14 HPs)
             Began as a Spriggan Brigand on Mar 11, 2022.
             Succumbed to an adder's poison
             ... on level 2 of the Dungeon.
             The game lasted 00:03:26 (1358 turns).

styxcanada the Sneak (Spriggan Brigand)             Turns: 1358, Time: 00:03:27

Health: -1/14      AC:  3    Str:  7    XL:     2   Next: 86%
Magic:  3/3        EV: 17    Int: 12    God:
Gold:   73         SH:  0    Dex: 16    Spells: 1/1 levels left

rFire   . . .      SeeInvis +   a - +2 dagger
rCold   . . .      Faith    .   (no shield)
rNeg    . . .      Spirit   .   b - +0 robe
rPois   .          Reflect  .   (helmet restricted)
rElec   .          Harm     .   c - +0 cloak
rCorr   .          Rampage  .   (gloves unavailable)
Will    .....                   (boots unavailable)
Stlth   ++++......              (no amulet)
HPRegen 0.04/turn               (no ring)
MPRegen 0.08/turn               (no ring)

@: lethally poisoned (-1 -> -10), very quick
A: very small, no large weapons, unfitting armour, see invisible, speed 3
a: no special abilities


You were on level 2 of the Dungeon.
You visited 1 branch of the dungeon, and saw 2 of its levels.

You collected 73 gold pieces.

Inventory:

Hand Weapons
 a - a +2 dagger (weapon)
Missiles
 d - 7 poisoned darts (quivered)
 e - 2 curare-tipped darts
 f - 100 stones
Armour
 b - a +0 robe (worn)
 c - a +0 cloak (worn)
Scrolls
 i - 2 scrolls of enchant armour {unknown}
 j - a scroll of noise {unknown}
 m - 3 scrolls of identify {unknown}
 n - a scroll of summoning {unknown}
Potions
 g - a potion of degeneration {unknown}
 h - a potion of haste {unknown}
 k - a potion of flight {unknown}
 l - a potion of curing {unknown}


   Skills:
 * Level 1.6 Fighting
 + Level 2.5 Short Blades
 + Level 2.0 Throwing
 * Level 1.9 Dodging
 * Level 6.8 Stealth


You had one spell level left.
You didn't know any spells.
Your spell library contained the following spells:

 Spells                   Type           Power      Damage    Failure   Level
 Animate Skeleton         Necr           0%         N/A       32%         1
 Pain                     Necr           0%         1d4       32%         1
 Sublimation of Blood     Necr           0%         N/A       45%         2
 Wereblood                Tmut           0%         N/A       45%         2
 Vampiric Draining        Necr           0%         2d6       69%         3
 Summon Hydra             Summ           0%         N/A       100%        7


Dungeon Overview and Level Annotations

Branches:
Dungeon (2/15)

Altars:


Innate Abilities, Weirdness & Mutations

You are very small and have problems with some larger weapons.
You are too small for most types of armour.
You have supernaturally acute eyesight. (SInv)
You cover ground extremely quickly. (Speed+++)


Message History

A rat comes into view.
You see here a quokka corpse.
An adder comes into view.
Found 19 stones.
The rat closely misses you.
You see here a book of Necromancy.
You hit the rat.
You kill the rat!
You see here a quokka corpse.
You see here a book of Necromancy.
You pick up a book of Necromancy and begin reading...
You add the spells Pain, Animate Skeleton and Vampiric Draining to your library.
You see here a rat corpse.
Found 15 gold pieces.
You see here 19 stones.
You miss the adder. The adder closely misses you.
You barely miss the adder. The adder closely misses you.
You completely miss the adder. The adder bites you.
You hit the adder.
The adder is moderately wounded.
The adder bites you.
You barely miss the adder.
The adder is moderately wounded.
The adder bites you.
You are poisoned.
The adder poisons you! The adder bites you.
You are lethally poisoned!
The adder poisons you!
You hit the adder but do no damage.
The adder is moderately wounded.
You feel very sick. The adder bites you.
* * * LOW HITPOINT WARNING * * *
You closely miss the adder.
The adder is moderately wounded.
* * * LOW HITPOINT WARNING * * *
You feel sick. The adder barely misses you.
An adder comes into view.
You barely miss the adder.
The adder is moderately wounded.
You die...

#. #. #. #. #. ##.
###.#### .. ..
.......####### ...
#.######...........
....##.#...........(####
....S..S)...............
#.@#.##.#..#...#.##
#$..#b!#...#...#.#
#..#(##)#..#.#.#.#
#..#†##$#..#†#.#.#
#...#.†#..##.#...#
#..#.##.#.##.##..# #....
.(....##..# #.#.#
########..# #.#.
#.........##


You could see 2 adders.

Vanquished Creatures
  2 endoplasms (D:1)
  A goblin (D:1)
  2 hobgoblins
  2 jackals (D:1)
  4 kobolds
  2 quokkas
  3 ball pythons (D:1)
  2 bats
  A frilled lizard (D:1)
  4 rats
23 creatures vanquished.

Notes
Turn   | Place    | Note
-------+----------+-------------------------------------------
     0 | D:1      | styxcanada the Spriggan Brigand began the quest for the
                  | Orb.
     0 | D:1      | Reached XP level 1. HP: 10/10 MP: 2/2
   101 | D:1      | Reached skill level 6 in Stealth
   447 | D:1      | Reached XP level 2. HP: 14/14 MP: 3/3
  1091 | D:1      | Found a faded altar of an unknown god.
  1358 | D:2      | Succumbed to an adder's poison

Illustrated notes

Levels and vault maps discovered:
D:1:      evilmike_arrival_rings, layout_basic,
          hellmonk_ecumenical_altar_lost_god
D:2:      layout_basic, minmay_small_reverse_x, uniq_jessica

Skill      XL: |  1 |
---------------+----+-----
Stealth        | 6 |  6.8
Fighting       | |  1.6
Short Blades   | |  2.5
Throwing       | |  2.0
Dodging        | |  1.9

Action                   || total
-------------------------++-------
Melee: Dagger            ||    52
Throw: Dart              ||    11
 Stab: Sleeping          ||     9
Armor: Robe              ||     6
Dodge: Dodged            ||    30
